 Dungeon Crawl Stone Soup version 0.25-a0-294-gea9b1ad378 (webtiles) character file.

Game seed: 1786029206169436958, levelgen mode: deterministic

210 night the Grave Robber (level 5, 0/35 HPs)
             Began as a Demonspawn Necromancer on Dec 17, 2019.
             Was an Initiate of Dithmenos.
             Killed from afar by a dart slug (4 damage)
             ... with a slug dart
             ... on level 4 of the Dungeon.
             The game lasted 00:06:05 (2283 turns).

night the Grave Robber (Demonspawn Necromancer)     Turns: 2283, Time: 00:06:06

Health: 0/35       AC:  8    Str:  8    XL:     5   Next: 57%
Magic:  5/11       EV:  8    Int: 17    God:    Dithmenos [......]
Gold:   133        SH:  0    Dex: 14    Spells: 8/12 levels left

rFire    . . .     SeeInvis .   a - +6 short sword
rCold    . . .     Gourm    .   (no shield)
rNeg     . . .     Faith    .   s - +0 scale mail
rPois    .         Spirit   .   (no helmet)
rElec    .         Reflect  .   (no cloak)
rCorr    .         Harm     .   (no gloves)
MR       .....                  (no boots)
Stlth    +.........             (no amulet)
HPRegen  0.11/turn              (no ring)
MPRegen  0.12/turn              (no ring)

@: no status effects
A: yellow scales 1, spiny 2
a: Renounce Religion


You were on level 4 of the Dungeon.
You worshipped Dithmenos.
Dithmenos was noncommittal.
You were not hungry.

You visited 1 branch of the dungeon, and saw 4 of its levels.

You collected 133 gold pieces.

Inventory:

Hand Weapons
 a - a +6 short sword (weapon)
 b - a +4 dagger of protection
 d - a +2 dagger of speed
Missiles
 e - 26 arrows
 h - 45 bolts
 n - 5 javelins (quivered)
 q - 49 stones
 u - 19 sling bullets
Armour
 j - a +0 robe
 s - a +0 scale mail (worn)
 v - a +0 pair of boots
Jewellery
 l - an uncursed ring of positive energy {unknown}
Scrolls
 f - 2 scrolls of identify {unknown}
 g - a scroll of blinking {unknown}
 i - 3 scrolls of magic mapping {unknown}
 m - 2 scrolls of amnesia {unknown}
 o - a scroll of fog {unknown}
 r - a scroll of enchant armour {unknown}
 x - a scroll of fear {unknown}
Potions
 k - 4 potions of heal wounds {unknown}
 p - a potion of curing {unknown}
 t - 2 potions of flight {unknown}
Comestibles
 c - 7 rations
 w - 3 chunks of flesh


   Skills:
 - Level 1.7 Dodging
 + Level 1.9 Stealth
 + Level 4.0 Spellcasting
 + Level 6.1 Necromancy


You had 8 spell levels left.
You knew the following spells:

 Your Spells              Type           Power        Failure   Level  Hunger
a - Pain                  Necr           ###.         13%         1    None
b - Regeneration          Chrm/Necr      ##........   80%         3    ###....

Your spell library contained the following spells:

 Spells                   Type           Power        Failure   Level  Hunger
 Animate Skeleton         Necr           N/A          13%         1    None
 Vampiric Draining        Necr           ###.......   36%         3    ###....
 Animate Dead             Necr           N/A          77%         4    ####...


Dungeon Overview and Level Annotations

Branches:
Dungeon (4/15)
 Temple: D:4-7

Altars:
Dithmenos


Innate Abilities, Weirdness & Mutations

You are partially covered in yellow scales. (AC +2)
You are mostly covered in sharp spines.


Message History

The slug dart hits you.
Casting: Pain (safe; 13% risk of failure)
Confirm with . or Enter, or press ? or * to list all spells.
Aiming: Pain (safe; 13% risk of failure)
Press: ? - help, Shift-Dir - straight line, f - dart slug
Aim: a dart slug (chance to defeat MR: 93%)
The dart slug writhes in agony.
The dart slug launches a dart at you. The slug dart hits you.
The dart slug launches a dart at you. The slug dart hits you.
The dart slug launches a dart at you. The slug dart hits you!
* * * LOW HITPOINT WARNING * * *
The dart slug launches a dart at you. The slug dart hits you.
* * * LOW HITPOINT WARNING * * *
The dart slug launches a dart at you. The slug dart hits you.
You die...

###w≈≈≈#≈≈≈.##
..≈#≈≈≈≈≈≈≈≈≈#
#≈≈≈≈≈≈≈≈≈#≈≈ .
.≈≈≈≈≈≈≈≈≈≈≈##.#
≈≈≈≈≈≈≈≈≈≈≈≈≈≈≈#
≈≈≈≈≈≈≈≈≈#≈≈≈≈≈≈
≈≈#.≈#...≈≈..≈≈≈
≈≈w.[..@...w.≈≈.
≈≈(!?≈..⌠≈≈≈.≈≈≈
≈#≈≈≈≈≈≈≈≈≈.≈≈≈#
≈≈≈≈≈≈≈≈≈≈#≈≈≈≈#
^≈≈≈≈≈≈≈#≈≈≈≈w.#
##≈≈≈≈≈≈≈≈≈≈≈≈#.
#hw≈≈#≈#≈≈≈≈##
##(≈≈≈≈≈≈≈.##


You could see 5 dart slugs and a jackal.

Vanquished Creatures
  A sky beast (D:3)
  4 adders
  A shadow imp (D:2)
  3 worms
  2 dart slugs (D:4)
  2 leopard geckos
  An orc (D:3)
  3 ball pythons
  5 giant cockroaches
  7 goblins
  8 hobgoblins
  6 bats
  3 frilled lizards
  6 kobolds
  8 rats
60 creatures vanquished.

Notes
Turn   | Place    | Note
-------+----------+-------------------------------------------
     0 | D:1      | night the Demonspawn Necromancer began the quest for the
                  | Orb.
     0 | D:1      | Reached XP level 1. HP: 13/13 MP: 3/3
   299 | D:1      | Gained mutation: You are partially covered in sharp spines.
                  | [demonic ancestry]
   299 | D:1      | Reached XP level 2. HP: 19/19 MP: 5/5
  1009 | D:2      | Reached skill level 5 in Necromancy
  1009 | D:2      | Gained mutation: You are mostly covered in sharp spines.
                  | [demonic ancestry]
  1009 | D:2      | Reached XP level 3. HP: 22/24 MP: 7/7
  1644 | D:3      | Found a shadowy altar of Dithmenos.
  1649 | D:3      | Reached XP level 4. HP: 24/30 MP: 8/8
  1667 | D:3      | Became a worshipper of Dithmenos the Shadowed
  1761 | D:3      | Learned a level 3 spell: Regeneration
  1803 | D:3      | Noticed a sky beast
  1812 | D:3      | Killed a sky beast
  1812 | D:3      | Reached skill level 6 in Necromancy
  1812 | D:3      | Gained mutation: You are partially covered in yellow
                  | scales. (AC +2) [demonic ancestry]
  1812 | D:3      | Reached XP level 5. HP: 15/35 MP: 10/10
  2117 | D:3      | Found a faded altar of an unknown god.
  2283 | D:4      | Killed from afar by a dart slug

Levels and vault maps discovered:
D:1:      minmay_arrival_four_circles, layout_rooms
D:2:      layout_loops_ring, first_ration, minmay_pentomino_r2
D:3:      layout_rooms, grunt_dithmenos_smoke,
          chequers_ecumenical_altar_simple_redux
D:4:      kennysheep_slugbush, layout_loops_ring,
          nemelex_xobeh_ov_fountains_minmay, serial_shops, nicolae_shop_crystal,
          nicolae_shop_crystal, uniq_natasha, uniq_blork_the_orc, uniq_eustachio

Skill      XL: |  1  2  3  4  5 |
---------------+----------------+-----
Necromancy     | 5 6 |  6.1
Spellcasting   | 3 4 |  4.0
Dodging        | |  1.7
Stealth        | |  1.9

Action                   |  1- 3 |  4- 6 || total
-------------------------+-------+-------++-------
Melee: Dagger            |    74 |       ||    74
       Unarmed           |     1 |       ||     1
       Short sword       |    23 |    22 ||    45
 Cast: Pain              |     4 |    12 ||    16
 Stab: Sleeping          |     1 |     1 ||     2
  Eat: Chunk             |     2 |     2 ||     4
Armor: Robe              |     9 |       ||     9
       Scale mail        |       |     7 ||     7
Dodge: Dodged            |    41 |    13 ||    54

Table legend:
 A = Non-vault XP
 B = Vault XP
 C = Vault XP percentage of total XP
 D = Non-vault monster count
 E = Vault monster count
 F = Vault count percentage of total count
                 A         B        C        D         E       F
            +---------+---------+-------+---------+---------+-------
      Total |     293 |       8 |   2.7 |      58 |       2 |   3.3
            +---------+---------+-------+---------+---------+-------
        D:1 |      26 |       0 |   0.0 |      17 |       0 |   0.0
        D:2 |      61 |       0 |   0.0 |      21 |       0 |   0.0
        D:3 |     206 |       0 |   0.0 |      20 |       0 |   0.0
        D:4 |       0 |       8 | 100.0 |       0 |       2 | 100.0
            +---------+---------+-------+---------+---------+-------
